 Dungeon Crawl Stone Soup version 0.31.0-11-ge490571c62 (webtiles) character file.

Game seed: 2935660580533094509

112 Gadfly the Insei (level 4, -2/35 HPs)
             Began as a Demonspawn Monk on Feb 3, 2024.
             Slain by a gnoll
             ... wielding a +0 club
              (6 damage)
             ... on level 2 of the Dungeon.
             The game lasted 00:02:27 (1905 turns).

Gadfly the Insei (Demonspawn Monk)                  Turns: 1905, Time: 00:02:28

Health: -2/35      AC:  3    Str: 13    XL:     4   Next: 63%
Magic:  4/4        EV: 13    Int: 11    God:
Gold:   1038       SH:  0    Dex: 21    Spells: 3/3 levels left

rFire   . .          .
                       - Unarmed
rCold   . . .        (no shield)
rNeg    . . .        a - +1 robe
rPois   .            (no helmet)
rElec   .            (no cloak)
rCorr   .            (no gloves)
SInv    +            (no boots)
Will    .....        d - amulet of regeneration
Stlth   ++           k - +6 ring of dexterity
HPRegen 1.05/turn    h - ring of see invisible
MPRegen 0.09/turn

%: no passive effects
@: no status effects
A: claws 1
a: no special abilities


You were on level 2 of the Dungeon.
You visited 1 branch of the dungeon, and saw 3 of its levels.

You collected 1038 gold pieces.

Inventory:

Armour
 a - a +1 robe (worn)
 c - an orb of light
Jewellery
 d - an amulet of regeneration (around neck)
 h - a ring of see invisible (right claw)
 k - a +6 ring of dexterity (left claw)
Scrolls
 e - 2 scrolls of fog
 j - a scroll of teleportation
Potions
 f - a potion of attraction
 g - a potion of curing {unknown}
 i - a potion of berserk rage
 l - a potion of heal wounds {unknown}
 m - a potion of haste {unknown}


   Skills:
 - Level 3.0 Fighting
 + Level 3.1 Dodging
 * Level 3.5 Unarmed Combat
 * Level 2.0 Evocations
 * Level 1.6 Shapeshifting


You had 3 spell levels left.
You didn't know any spells.
Your spell library contained the following spells:

 Spells                   Type           Power      Damage    Failure   Level
 Sting                    Conj/Alch      0%         1d3       34%         1
 Fugue of the Fallen      Necr           0%         N/A       71%         3
 Ozocubu's Armour         Ice            0%         N/A       71%         3
 Manifold Assault         Tloc           0%         N/A       98%         4


Dungeon Overview and Level Annotations

Branches:
Dungeon (3/15)

Altars:


Innate Abilities, Weirdness & Mutations

You have sharp fingernails.


Message History

The gnoll hits you with a +0 club.
* * * LOW HITPOINT WARNING * * *
There is a stone staircase leading up here.
The bat barely misses you. The gnoll closely misses you.
You climb upwards.
There is a stone staircase leading down here.
You barely miss the gnoll. The gnoll hits you with a +0 club.
You scratch the gnoll but do no damage. The gnoll hits you with a +0 club!
* * * LOW HITPOINT WARNING * * *
You completely miss the gnoll. The gnoll barely misses you.
You barely miss the gnoll. The gnoll barely misses you.
You closely miss the gnoll. The gnoll hits you but does no damage.
You scratch the gnoll but do no damage. The gnoll barely misses you.
You claw the gnoll!
The gnoll is severely wounded.
The gnoll barely misses you.
You closely miss the gnoll.
The gnoll is severely wounded.
You scratch the gnoll.
The gnoll is almost dead.
The gnoll hits you with a +0 club.
* * * LOW HITPOINT WARNING * * *
You barely miss the gnoll.
The gnoll is almost dead.
The gnoll hits you with a +0 club.
* * * LOW HITPOINT WARNING * * *
You completely miss the gnoll.
The gnoll is almost dead.
The gnoll misses you.
You closely miss the gnoll.
The gnoll is almost dead.
The gnoll closely misses you.
You scratch the gnoll but do no damage.
The gnoll is almost dead.
The gnoll hits you with a +0 club.
* * * LOW HITPOINT WARNING * * *
You closely miss the gnoll.
The gnoll is almost dead.
The gnoll hits you with a +0 club.
You die...

####### #.....#
#.###.#####
#######...#.....#####
#...@.....†..........
#.#..g.....†..#.#####
#.##.####.###.#.#
#....# #.# #.#.##
###### #.# #....# ##
#.# ###### #. #.# #.
####.# ##.
#....#########..


You could see a gnoll.

Vanquished Creatures
  A bombardier beetle (D:3)
  3 adders
  A ribbon worm (D:2)
  3 endoplasms
  4 giant cockroaches
  6 hobgoblins
  5 jackals
  2 quokkas
  6 ball pythons
  4 bats
  3 frilled lizards (D:1)
  2 goblins (D:2)
  2 kobolds (D:1)
  6 rats
48 creatures vanquished.

Notes
Turn   | Place    | Note
-------+----------+-------------------------------------------
     0 | D:1      | Gadfly the Demonspawn Monk began the quest for the Orb.
     0 | D:1      | Reached XP level 1. HP: 18/18 MP: 1/1
   141 | D:1      | Gained mutation: You have sharp fingernails. [demonic
                  | ancestry]
   141 | D:1      | Reached XP level 2. HP: 24/24 MP: 2/2
   286 | D:1      | Reached skill level 1 in Evocations
  1032 | D:2      | Reached XP level 3. HP: 29/29 MP: 3/3
  1138 | D:2      | Reached skill level 1 in Shapeshifting
  1316 | D:2      | Identified a scroll of acquirement
  1316 | D:2      | Acquired 942 gold pieces
  1496 | D:2      | Found a faded altar of an unknown god.
  1504 | D:2      | Got Plato's Guide on the Salvo
  1817 | D:3      | Reached XP level 4. HP: 34/35 MP: 4/4
  1905 | D:2      | Slain by a gnoll

Illustrated notes

Levels and vault maps discovered:
D:1:      dpeg_arrival_tiny_e, layout_loops_ring, hex_medium
D:2:      layout_basic, shapermc_ecumenical_altar_rom_forum,
          kennysheep_cross_bottleneck
D:3:      layout_rooms, chei_slow_surprise, minmay_distorted

Skill      XL: |  1  2  3  4 |
---------------+-------------+-----
Unarmed Combat | 3 |  3.5
Evocations     | 1 2 |  2.0
Shapeshifting  | 1 |  1.6
Dodging        | 3 |  3.1
Fighting       | |  3.0

Action                     |  1- 3 |  4- 6 || total
---------------------------+-------+-------++-------
  Melee: Unarmed           |   144 |    39 ||   183
         Punch             |     2 |       ||     2
    Use: Scroll            |     7 |     1 ||     8
         Potion            |     1 |       ||     1
   Stab: Sleeping          |     4 |       ||     4
 Armour: Robe              |    70 |    22 ||    92
  Dodge: Dodged            |    88 |    25 ||   113
